 Dungeon Crawl Stone Soup version bcrawl-1.19.2-6-g6a88ae04c9 (webtiles) character file.

Game seed: 7663015554461535436

19864 Freyura the Basher (level 12, -9/106 HPs)
             Began as a Minotaur Fighter on Jan 11, 2020.
             Was a High Priest of the Shining One.
             Mangled by Gastronok (22 damage)
             ... on level 3 of the Lair of Beasts.
             The game lasted 00:36:49 (11042 turns).

Freyura the Basher (Minotaur Fighter)              Turns: 11042, Time: 00:36:49

Health: -9/106     AC: 13    Str: 20    XL:     12   Next: 40%
Magic:  0/16       EV: 23    Int:  5    God:    the Shining One [*****.]
Gold:   1149       SH: 12    Dex: 16    Spells: 11/11 levels left

rFire    . . .     SeeInvis .   d - +0 morningstar
rCold    . . .     Gourm    .   c - +0 shield
rNeg     + + .     Faith    +   a - +0 acid dragon scales
rPois    +         Spirit   +   j - +2 hat
rElec    +         Reflect  .   h - scarf {Spirit}
rCorr    +         Harm     .   s - +0 pair of gloves
MR       .....                  E - +0 pair of boots
Stlth    +.........             w - amulet of faith
HPRegen  0.27/turn              I - ring of insulation
MPRegen  0.15/turn              D - ring of Imept {+Fly rPois EV+6}

@: slowed, glowing, very slow
A: retaliatory headbutt, horns 2, wild magic 1, sturdy frame 1
a: Divine Shield, Cleansing Flame, Summon Divine Warrior, Renounce Religion,
Evoke Flight


You were on level 3 of the Lair of Beasts.
You worshipped the Shining One.
The Shining One was extremely pleased with you.
You were very hungry.

You visited 2 branches of the dungeon, and saw 13 of its levels.

You collected 1149 gold pieces.

Inventory:

Hand Weapons
 d - a +0 morningstar (weapon)
 p - a +2 whip of venom
 J - a +2 whip of freezing
Armour
 a - +0 acid dragon scales (worn)
 c - a +0 shield (worn)
 h - a scarf of spirit shield (worn)
 j - a +2 hat (worn)
 s - a +0 pair of gloves (worn)
 B - a +1 cloak
 E - a +0 pair of boots (worn)
 H - a +0 plate armour
Jewellery
 e - the ring of Kuosun {Fire rPois rN+ Int-5 Slay+2}
   (You found it on level 7 of the Dungeon)

   [ring of fire]

   It enhances your fire magic.
   It affects your intelligence (-5).
   It affects your accuracy and damage with ranged weapons and melee attacks
   (+2).
   It protects you from fire.
   It makes you vulnerable to cold.
   It protects you from poison.
   It protects you from negative energy.
 w - an amulet of faith (around neck)
 C - an uncursed ring of poison resistance
 D - the ring of Imept (right hand) {+Fly rPois EV+6}
   (You found it on level 5 of the Dungeon)

   [ring of evasion]

   It affects your evasion (+6).
   It protects you from poison.
   It lets you fly.
 I - a ring of insulation (left hand)
Wands
 o - a wand of polymorph (21)
 u - a wand of iceblast (8)
 z - a wand of acid (8)
 K - a wand of digging (8)
 N - a wand of scattershot (2)
 O - a wand of flame (13)
 P - a wand of disintegration (16)
Scrolls
 b - 8 scrolls of identify
 k - 2 scrolls of fear
 l - 5 scrolls of remove curse
 t - 2 scrolls of fog
 v - 3 scrolls of enchant weapon
 y - 8 scrolls of teleportation
 F - a scroll of blinking
 G - 4 scrolls of amnesia
 Q - a scroll of vulnerability
 R - a scroll of brand weapon {unknown}
Potions
 g - 2 potions of curing
 i - a potion of magic
 m - a potion of lignification
 n - 2 potions of heal wounds
 q - 2 potions of haste
 r - a potion of cancellation
 x - 3 potions of brilliance
 A - 2 potions of resistance
 L - 3 potions of mutation
 M - 2 potions of flight {unknown}
Comestibles
 f - 23 rations {!d}


   Skills:
 + Level 10.0 Fighting
 * Level 13.0 Maces & Flails
 + Level 10.0 Armour
 + Level 8.6 Dodging
 + Level 10.1 Shields
 + Level 7.6 Invocations
 + Level 2.5 Evocations


You had 11 spell levels left.
You didn't know any spells.
Your spell library contained the following spells:

 Spells                   Type           Power        Failure   Level  Hunger
 Apportation              Tloc           #.....       78%         1    ##.....
 Beastly Appendage        Tmut           #.....       78%         1    ##.....
 Corona                   Hex            #......      78%         1    ##.....
 Infusion                 Chrm           #.......     78%         1    ##.....
 Sandblast                Erth           #.....       78%         1    ##.....
 Slow                     Hex            #.......     78%         1    ##.....
 Summon Butterflies       Summ           #.......     78%         1    ##.....
 Ensorcelled Hibernation  Hex/Ice        #.....       89%         2    ###....
 Sticks to Snakes         Tmut           #.......     89%         2    ###....
 Confuse                  Hex            #.......     98%         3    ####...
 Dazzling Spray           Conj/Hex       #.....       98%         3    ####...
 Spider Form              Tmut/Pois      #..          98%         3    ####...
 Tukima's Dance           Hex            #.......     98%         3    ####...
 Ice Form                 Ice/Tmut       #.......     100%        4    #####..
 Blade Hands              Tmut           #.........   100%        5    ######.


Dungeon Overview and Level Annotations

Branches:
Dungeon (10/12)            Temple (0/1) D:5            Lair (3/6) D:7
    Orc (0/1) D:10
  Swamp: Lair:2-4    Shoals: Lair:2-4     Snake: Lair:2-4    Spider: Lair:2-4

Altars:
Ashenzari
Nemelex Xobeh
Qazlal
The Shining One
Beogh

Shops:
D:9 (

Annotations:
Lair:3 Gastronok


Innate Abilities, Weirdness & Mutations

You reflexively headbutt those who attack you in melee.
You have a pair of horns on your head.
Your spells are a little harder to cast, but a little more powerful.
Your movements are slightly less encumbered by armour. (ER -2)


Message History

Gastronok is severely wounded.
You block the ufetubus's attack. x2; The bullfrog completely misses you.
You hit Gastronok.
Gastronok is severely wounded.
The ufetubus closely misses you. You furiously retaliate!
You headbutt the ufetubus. You block the ufetubus's attack.
You block the bullfrog's attack. Gastronok bites you!!
* * * LOW HITPOINT WARNING * * *
The iron imp misses you. You furiously retaliate!
You headbutt the iron imp!
You kill the iron imp!
The ufetubus completely misses you. The ufetubus closely misses you.
You hit Gastronok. You headbutt Gastronok.
Gastronok is severely wounded.
The bullfrog closely misses you. You furiously retaliate!
You headbutt the bullfrog!
You kill the bullfrog!
Gastronok looks at you and mumbles some strange words.
You feel yourself slow down. You block the ufetubus's attack.
The ufetubus misses you. Gastronok bites you!!
You die...

......[ .P.....#
PP.....# (.....##
#..... # .#
#...###.#..# #
#...........
###..#...<...<...
.......@†........
.......w5........
.................
.................
...[.............
.####..##.#.#....
### #########


You could see Gastronok and an ufetubus.

Vanquished Creatures
  Josephine (D:10)
  A two-headed ogre (D:9)
  The ghost of Snowbuddha the Grappler, a novice TrMo of Wu Jian (D:7)
  Pikel (D:9)
  5 elephants
  2 centaur zombies (D:9)
  Maurice (D:9)
  A black mamba (Lair:1)
  A centaur skeleton (D:10)
  3 cane toads
  A kobold demonologist (D:9)
  5 komodo dragons
  2 trolls
  3 meliai (D:8)
  3 blink frogs (Lair:1)
  2 hippogriffs (D:7)
  3 wraiths (D:10)
  Sigmund (D:3)
  A vampire (D:10)
  15 yaks
  A wyvern (D:10)
  2 hogs (D:7)
  A basilisk (D:7)
  A human (D:7)
  Grum (D:10)
  5 crocodiles
  A water moccasin (D:9)
  An acid dragon (D:10)
  A soldier ant (D:9)
  3 porcupines
  5 ice beasts
  8 orc warriors
  2 sky beasts
  A black bear (D:7)
  5 ogres
  2 phantoms (D:7)
  3 wolves (D:10)
  4 bullfrogs
  3 big kobolds
  A gnoll sergeant (D:10)
  3 scorpions
  4 killer bees (D:9)
  4 wights (D:8)
  2 howler monkeys (D:6)
  2 crimson imps
  3 orc priests
  A bullfrog zombie (D:5)
  2 hounds
  Crazy Yiuf (D:4)
  Ijyb (D:3)
  A gnoll shaman (D:4)
  An iguana (D:10)
  Jessica (D:3)
  A bullfrog skeleton (D:4)
  13 worker ants
  7 orc wizards
  Natasha (thrice) (D:4)
  2 bullfrog simulacra (D:7)
  A centaur simulacrum (D:7)
  A worker ant zombie (D:7)
  Robin (D:3)
  3 gnolls (D:10)
  10 adders
  2 shadow imps
  A white imp (D:7)
  An ooze (D:3)
  An adder zombie (D:9)
  2 adder skeletons (D:4)
  5 worms
  6 dart slugs
  An adder simulacrum (D:7)
  4 leopard geckos
  54 orcs
  A ball python (D:2)
  15 goblins
  19 hobgoblins
  7 jackals
  21 kobolds
  6 quokkas
  8 bats
  6 frilled lizards
  A jackal skeleton (D:4)
  A leopard gecko skeleton (D:4)
  6 rats
340 creatures vanquished.

Vanquished Creatures (others)
  A jelly (D:6)
  A centaur skeleton (D:9)
  3 jackals (D:6)
  A kobold (D:9)
6 creatures vanquished.

Grand Total: 346 creatures vanquished

Notes
Turn   | Place    | Note
-------+----------+-------------------------------------------
     0 | D:1      | Freyura the Minotaur Fighter began the quest for the Orb.
     0 | D:1      | Reached XP level 1. HP: 19/19 MP: 0/0
   255 | D:1      | Reached XP level 2. HP: 27/27 MP: 1/1
   395 | D:1      | Reached skill level 3 in Maces & Flails
   648 | D:1      | Reached skill level 1 in Dodging
   648 | D:1      | Reached XP level 3. HP: 31/33 MP: 2/2
   981 | D:2      | Found a glowing golden altar of the Shining One.
   989 | D:2      | Became a worshipper of the Shining One
  1168 | D:2      | Reached XP level 4. HP: 40/40 MP: 3/3
  1724 | D:3      | Noticed Sigmund
  1729 | D:3      | Killed Sigmund
  1729 | D:3      | Reached skill level 4 in Maces & Flails
  1729 | D:3      | Reached skill level 1 in Invocations
  1729 | D:3      | Reached XP level 5. HP: 40/47 MP: 3/5
  1729 | D:3      | Reached XP level 6. HP: 45/53 MP: 3/6
  1761 | D:3      | Found a sparkling altar of Nemelex Xobeh.
  1775 | D:3      | Noticed Jessica
  1775 | D:3      | Reached * piety under the Shining One
  1779 | D:3      | Killed Jessica
  1887 | D:3      | Noticed Ijyb
  1899 | D:3      | Killed Ijyb
  2128 | D:3      | Noticed Robin
  2145 | D:3      | Killed Robin
  2229 | D:3      | Reached skill level 5 in Maces & Flails
  2350 | D:3      | Reached skill level 5 in Shields
  2375 | D:3      | Reached skill level 5 in Fighting
  2405 | D:4      | Noticed Natasha
  2413 | D:4      | Killed Natasha
  2511 | D:4      | Reached XP level 7. HP: 61/61 MP: 7/7
  2518 | D:4      | Noticed Natasha
  2524 | D:4      | Killed Natasha
  2535 | D:4      | Noticed Natasha
  2543 | D:4      | Killed Natasha
  2545 | D:4      | Reached ** piety under the Shining One
  2772 | D:4      | Reached skill level 5 in Armour
  2811 | D:4      | Reached skill level 6 in Maces & Flails
  2992 | D:4      | Found a runed door.
  3148 | D:4      | Noticed Crazy Yiuf
  3154 | D:4      | Killed Crazy Yiuf
  3208 | D:5      | Entered Level 5 of the Dungeon
  3237 | D:5      | Reached XP level 8. HP: 70/70 MP: 9/9
  3240 | D:5      | Found a staircase to the Ecumenical Temple.
  3251 | D:5      | Got a crude platinum ring
  3252 | D:5      | Identified the ring of Imept {+Fly rPois EV+6} (You found
                  | it on level 5 of the Dungeon)
  3293 | D:5      | Noticed a troll
  3304 | D:5      | Killed a troll
  3538 | D:5      | Reached skill level 7 in Maces & Flails
  4207 | D:6      | Reached XP level 9. HP: 76/78 MP: 10/10
  4254 | D:6      | Reached *** piety under the Shining One
  4266 | D:6      | Reached skill level 8 in Maces & Flails
  4666 | D:7      | Reached skill level 5 in Dodging
  4800 | D:7      | Found a staircase to the Lair.
  4801 | D:7      | Noticed an elephant
  4988 | D:7      | Reached skill level 9 in Maces & Flails
  4999 | D:7      | Killed an elephant
  5161 | D:7      | Found a runed translucent gate.
  5161 | D:7      | Found a runed translucent gate.
  5161 | D:7      | Found a runed translucent gate.
  5293 | D:7      | Reached skill level 5 in Invocations
  5299 | D:7      | Reached XP level 10. HP: 86/86 MP: 12/12
  5629 | D:7      | Noticed Snowbuddha's ghost (novice TrMo)
  5715 | D:7      | Killed Snowbuddha's ghost
  5715 | D:7      | Reached skill level 10 in Maces & Flails
  5818 | D:7      | Got the ring of Kuosun {Fire}
  5819 | D:7      | Lost intelligence.
  5819 | D:7      | Identified the ring of Kuosun {Fire rPois rN+ Int-5 Slay+2}
                  | (You found it on level 7 of the Dungeon)
  5845 | D:7      | Gained mutation: Your movements are slightly less
                  | encumbered by armour. (ER -2) [potion of mutation]
  5845 | D:7      | Gained mutation: Your spells are a little harder to cast,
                  | but a little more powerful. [potion of mutation]
  5960 | D:8      | Reached **** piety under the Shining One
  7230 | D:9      | Found a roughly hewn altar of Beogh.
  7339 | D:9      | Reached skill level 11 in Maces & Flails
  7379 | D:9      | Reached XP level 11. HP: 95/95 MP: 14/14
  7414 | D:9      | Noticed Pikel
  7419 | D:9      | Noticed Maurice
  7430 | D:9      | Killed Pikel
  7440 | D:9      | Killed Maurice
  7464 | D:9      | Found a stormy altar of Qazlal.
  7510 | D:9      | Reached ***** piety under the Shining One
  7511 | D:9      | Found Xuter's Weapon Emporium.
  7541 | D:9      | Got a translucent flail
  7656 | D:9      | Noticed a two-headed ogre
  7667 | D:9      | Killed a two-headed ogre
  7825 | D:9      | Identified the +6 flail "Aciululo" {vamp, MR- Int+6} (You
                  | found it on level 9 of the Dungeon)
  7840 | D:10     | Entered Level 10 of the Dungeon
  8151 | D:10     | Noticed Josephine
  8184 | D:10     | Killed Josephine
  8284 | D:10     | Found a shattered altar of Ashenzari.
  8314 | D:10     | Noticed Grum
  8330 | D:10     | Killed Grum
  8332 | D:10     | Reached skill level 12 in Maces & Flails
  8721 | D:10     | Found a staircase to the Orcish Mines.
  9106 | Lair:1   | Entered Level 1 of the Lair of Beasts
  9397 | Lair:1   | Reached skill level 1 in Evocations
  9905 | Lair:1   | Reached XP level 12. HP: 96/106 MP: 13/16
 10255 | Lair:2   | Reached skill level 10 in Shields
 10268 | Lair:2   | Reached skill level 10 in Fighting
 10584 | Lair:2   | Reached skill level 13 in Maces & Flails
 10584 | Lair:2   | Reached skill level 10 in Armour
 11026 | Lair:3   | Noticed Gastronok
 11042 | Lair:3   | Mangled by Gastronok

Skill      XL: |  1  2  3  4  5  6  7  8  9 10 11 12 |
---------------+-------------------------------------+-----
Maces & Flails | 3 4 5 6 7 9 11 12 13 | 13.0
Shields        | 4 5 6 7 8 9 10 | 10.1
Dodging        | 1 2 3 4 6 7 8 |  8.6
Armour         | 4 5 6 7 8 9 10 | 10.0
Fighting       | 4 5 6 7 8 9 10 | 10.0
Invocations    | 1 2 3 5 6 7 |  7.6
Evocations     | 1 2 |  2.5

Action                   |  1- 3 |  4- 6 |  7- 9 | 10-12 || total
-------------------------+-------+-------+-------+-------++-------
Melee: Flail             |   102 |    15 |       |       ||   117
       Headbutt          |    19 |    27 |    50 |   142 ||   238
       Whip              |       |    94 |   266 |   363 ||   723
       Morningstar       |       |       |       |   259 ||   259
       Unarmed           |       |       |       |    24 ||    24
Invok: Divine Shield     |       |       |       |     1 ||     1
  Use: Scroll            |       |     5 |    12 |     6 ||    23
       Potion            |       |     1 |     2 |     3 ||     6
  Eat: Chunk             |     1 |     4 |     9 |    11 ||    25
       Ration            |       |       |       |     2 ||     2
Armor: Scale mail        |    49 |    48 |     4 |       ||   101
       Chain mail        |       |       |    51 |    30 ||    81
       Plate armour      |       |       |       |    27 ||    27
       Acid dragon scale |       |       |       |    33 ||    33
       Skin              |       |       |       |     4 ||     4
Dodge: Dodged            |    40 |    28 |    93 |   345 ||   506
Block: Shield            |    50 |    58 |    91 |   311 ||   510
